 Dungeon Crawl Stone Soup version 0.26-a0-491-g70697cc071 (webtiles) character file.

Game seed: 8600472479453437499

407 BeastOfSaturn the Slasher (level 6, -1/70 HPs)
             Began as a Demonspawn Warper on Aug 5, 2020.
             Was an Initiate of Ru.
             Slain by a worker ant (2 damage)
             ... on level 4 of the Dungeon.
             The game lasted 00:07:53 (4308 turns).

BeastOfSaturn the Slasher (Demonspawn Warper)       Turns: 4308, Time: 00:07:55

Health: -1/70      AC: 23    Str: 13    XL:     6   Next: 57%
Magic:  9/9        EV:  2    Int: 14    God:    Ru [......]
Gold:   237        SH:  0    Dex: 13    Spells: 9/9 levels left

rFire    . . .     SeeInvis +   a - +0 falchion
rCold    . . .     Faith    .   (no shield)
rNeg     + + +     Spirit   .   (armour currently unavailable)
rPois    +         Reflect  .   (helmet currently unavailable)
rElec    .         Harm     .   (cloak currently unavailable)
rCorr    .         NoTele   +   (gloves currently unavailable)
MR       .....                  (boots currently unavailable)
Stlth    +.........             (no amulet)
HPRegen  0.21/turn              g - ring of see invisible
MPRegen  0.11/turn              (no ring)

@: lethally poisoned (-1 -> -9), tree-form
A: foul stench 2, rot immunity
a: Renounce Religion


You were on level 4 of the Dungeon.
You worshipped Ru.
Ru was noncommittal.
You were a tree.
You visited 2 branches of the dungeon, and saw 7 of its levels.

You collected 237 gold pieces.

Inventory:

Hand Weapons
 a - a +0 falchion (weapon)
Missiles
 e - 5 boomerangs of dispersal (quivered)
 j - 13 boomerangs
Armour
 b - a +0 leather armour (melded)
 c - a +0 cloak (melded)
 m - a cursed +0 helmet (melded)
Jewellery
 g - a ring of see invisible (left branch)
Scrolls
 d - a scroll of blinking
 h - a scroll of teleportation
 l - a scroll of magic mapping
 n - 2 scrolls of identify
 p - 3 scrolls of fear {unknown}
 r - 2 scrolls of remove curse {unknown}
 s - 3 scrolls of amnesia {unknown}
Potions
 f - a potion of degeneration
 i - a potion of might {unknown}
 o - a potion of lignification
 t - a potion of mutation {unknown}


   Skills:
 * Level 3.5 Fighting
 * Level 4.9 Long Blades
 - Level 0.8 Throwing
 - Level 0.8 Armour
 * Level 3.5 Dodging
 - Level 2.0 Spellcasting
   Level 2.6 Translocations


You had 9 spell levels left.
You didn't know any spells.
Your spell library contained the following spells:

 Spells                   Type           Power        Failure   Level
 Blink                    Tloc           N/A          12%         2
 Gell's Gravitas          Tloc           #.........   24%         3
 Lesser Beckoning         Tloc           #.........   24%         3
 Teleport Other           Tloc           #.......     24%         3
 Passage of Golubria      Tloc           N/A          61%         4


Dungeon Overview and Level Annotations

Branches:
Dungeon (6/15)             Temple (1/1) D:5

Altars:
Ashenzari
Dithmenos
Gozag
Kikubaaqudgha
Nemelex Xobeh
Okawaru
Ru
Sif Muna
Trog
Uskayaw
Wu Jian
The Shining One


Innate Abilities, Weirdness & Mutations

You frequently emit foul miasma when damaged in melee.
You are immune to rotting.
((When seriously injured, your bleeding wounds create armour. (AC +0)))


Message History

* * * LOW HITPOINT WARNING * * *
You feel sick.
The worker ant bites you but does no damage.
You barely miss the worker ant.
The worker ant is severely wounded.
* * * LOW HITPOINT WARNING * * *
You feel sick.
The orc wizard shouts!
The worker ant bites you but does no damage.
You hit the worker ant.
The worker ant is severely wounded.
* * * LOW HITPOINT WARNING * * *
You feel sick. The worker ant barely misses you.
You hit the worker ant.
The worker ant is almost dead.
* * * LOW HITPOINT WARNING * * *
You feel sick.
The worker ant bites you but does no damage.
The worker ant bites you.
You die...

*,,,,,,,...,,*......#,,,,,,,,,***
*,,,,,,,...,,*......#,,,,,,,,,**,
*,,,,,,>,...,*......#*,,,**,,,**,
*,,,,,*####'#*#.....#*,.,**,,,**,
*,,,,,*#....o##.....##..,,,,,,,,,
*,,,,,,.................,,,,,,,,,
*,,,,,,.................,,,,,,,,,
*<,,,,,........a)......?,,,,,,,,,
*,,,,**#..<#####♣######*********,
*,,,,**#,,,####...# ****,,***,
*,,,,,',,,,#......# *,,,,,,,>,
*,,,,,*,,,,#......# *,,,,,,,,,
*,,,,,*,,,,#......# *,,,,,,,,,
*,,,,,*,,,,#....(.# *,,,,,,,,,
***********######## **********


You could see a worker ant (sick) and an orc wizard.

Vanquished Creatures
  A black bear (D:6)
  A hound (D:5)
  2 orc priests
  An iguana (D:4)
  An orc wizard (D:6)
  Robin (D:2)
  3 gnolls (D:2)
  5 adders
  An ooze (D:4)
  An adder skeleton (D:4)
  A worm (D:2)
  A dart slug (D:3)
  2 leopard geckos
  7 orcs
  9 bats
  2 giant cockroaches
  12 goblins
  5 hobgoblins
  4 quokkas
  4 frilled lizards
  5 kobolds (D:2)
  A leopard gecko skeleton (D:4)
  11 rats
81 creatures vanquished.

Vanquished Creatures (others)
  5 toadstools (D:1)
5 creatures vanquished.

Grand Total: 86 creatures vanquished

Notes
Turn   | Place    | Note
-------+----------+-------------------------------------------
     0 | D:1      | BeastOfSaturn the Demonspawn Warper began the quest for the
                  | Orb.
     0 | D:1      | Reached XP level 1. HP: 16/16 MP: 3/3
   155 | D:1      | Reached skill level 2 in Long Blades
   302 | D:1      | Gained mutation: When seriously injured, your bleeding
                  | wounds create armour. (AC +0) [demonic ancestry]
   302 | D:1      | Reached XP level 2. HP: 18/22 MP: 5/5
   760 | D:2      | Found a hide-covered altar of Uskayaw.
  1025 | D:2      | Gained mutation: You are immune to rotting. [demonic
                  | ancestry]
  1025 | D:2      | Reached XP level 3. HP: 23/28 MP: 6/6
  1143 | D:2      | Found a sparkling altar of Nemelex Xobeh.
  1449 | D:2      | Gained mutation: You may emit foul miasma when damaged in
                  | melee. [demonic ancestry]
  1449 | D:2      | Reached XP level 4. HP: 15/34 MP: 7/7
  1631 | D:2      | Noticed Robin
  1633 | D:2      | Reached skill level 3 in Long Blades
  1641 | D:2      | Killed Robin
  2467 | D:3      | Found a bloodstained altar of Trog.
  2614 | D:3      | Found a shadowy altar of Dithmenos.
  2664 | D:3      | Gained mutation: You frequently emit foul miasma when
                  | damaged in melee. [demonic ancestry]
  2664 | D:3      | Reached XP level 5. HP: 21/41 MP: 8/8
  3227 | D:3      | You fall into a shaft and drop 3 floors!
  3260 | D:6      | Reached skill level 4 in Long Blades
  3552 | D:6      | Found an opulent altar of Gozag.
  3586 | D:6      | Noticed a phantom
  3601 | D:6      | Noticed a black bear
  3606 | D:6      | Killed a black bear
  3606 | D:6      | Reached XP level 6. HP: 46/47 MP: 9/9
  3609 | D:5      | Entered Level 5 of the Dungeon
  3719 | D:5      | Found a staircase to the Ecumenical Temple.
  3746 | Temple   | Entered the Ecumenical Temple
  3951 | Temple   | Became a worshipper of Ru the Awakened
  4307 | D:4      | HP: 2/70 [poisoned by a worker ant]
  4308 | D:4      | Slain by a worker ant

Illustrated notes

Levels and vault maps discovered:
D:1:      roderic_octagonal_star, layout_basic, minmay_gold_behind_fungi,
          minmay_misc_feat_four_crosses, ebering_dispersal_statue_hall
D:2:      layout_basic, marbit_many_paths, nicolae_overflow_crystal_walls,
          uniq_robin
D:3:      layout_basic, overflow_temple_1_default, bloody_trog,
          minmay_misc_feat_rows, serial_bayou_ford_a, uniq_terence
D:4:      layout_gridville, makhleb_grotto_becter
D:5:      layout_basic, vehumet_statue, minmay_temple_entry_tees, serial_shops,
          shop, basic_altar, minmay_fire_ice_demons
D:6:      layout_basic, lemuel_crystal_altar, basic_altar, minivault_14,
          uniq_pikel
Temple:   nicolae_temple_figure_zero

Skill      XL: |  1  2  3  4  5 |
---------------+----------------+-----
Long Blades    | 2 3 4 |  4.9
Dodging        | 2 3 |  3.5
Fighting       | 3 |  3.5
Throwing       | |  0.8
Armour         | |  0.8
Spellcasting   | |  2.0
Translocations | |  2.6

Action                   |  1- 3 |  4- 6 || total
-------------------------+-------+-------++-------
Melee: Falchion          |   108 |   263 ||   371
  Use: Potion            |     1 |     5 ||     6
       Scroll            |       |     6 ||     6
 Stab: Sleeping          |     1 |     1 ||     2
Armor: Leather armour    |    56 |    95 ||   151
       Skin              |       |     6 ||     6
Dodge: Dodged            |   111 |   156 ||   267
       Rpst.: Falchion   |    29 |    59 ||    88

Table legend: (Time is in decaauts)
 A = Elapsed time spent in this place.
 B = Non-inter-level travel time spent in this place.
 C = Inter-level travel time spent in this place.
 D = Time resting spent in this place.
 E = Time spent auto-exploring this place.
 F = Levels seen in this place.
 G = Mean time per level.
                   A        B        C        D        E       F      G
               +--------+--------+--------+--------+--------+-----+--------+
         Total |   4373 |   4279 |     94 |   1250 |   2247 |   7 |  624.7 |
       Dungeon |   4139 |   4062 |     77 |   1250 |   2041 |   6 |  689.8 |
        Temple |    234 |    217 |     17 |      0 |    206 |   1 |  234.0 |
               +--------+--------+--------+--------+--------+-----+--------+

Top non-repeatable levels by time:
     D:2: 1748 daAuts
     D:3: 768 daAuts
     D:1: 750 daAuts
     D:6: 392 daAuts
     D:4: 310 daAuts
  Temple: 234 daAuts
     D:5: 168 daAuts
